 Seeded DCSS version 0.30-a0-743-gbfdf073431 (webtiles) character file.

Game seed: 5430720872467839093 (custom seed)

595 hbarley the Chopper (level 7, -1/61 HPs)
             Began as a Hill Orc Fighter on Feb 5, 2023.
             Was a Believer of Uskayaw.
             Slain by a two-headed ogre
             ... wielding a +0 giant spiked club
              (21 damage)
             ... on level 5 of the Dungeon.
             The game lasted 00:07:13 (3251 turns).

hbarley the Chopper (Hill Orc Fighter)              Turns: 3251, Time: 00:07:14

Health: -1/61      AC:  7    Str: 30    XL:     7   Next: 40%
Magic:  7/7        EV: 10    Int: 11    God:    Uskayaw [**....]
Gold:   1043       SH:  7    Dex: 19    Spells: 6/6 levels left

rFire   . . .      SeeInvis +    t - +3 war axe (vamp)
rCold   . . .      Faith    .    v - +1 buckler of Deurph {Drain Regen+ Str+5 Dex+3}
rNeg    . . .      Spirit   .    b - +0 scale mail
rPois   .          Reflect  .    (no helmet)
rElec   .          Harm     .    (no cloak)
rCorr   +          Rampage  .    (no gloves)
Will    +....                    (no boots) Stlth
                                 (no amulet)
HPRegen 1.10/turn                u - ring of Emaobb {Will+ rCorr Int+3 Dex+4 SInv}
MPRegen 0.10/turn                m - +6 ring of strength

@: studying Fighting
A: no striking features
a: Renounce Religion, Stomp, Line Pass


You were on level 5 of the Dungeon.
You worshipped Uskayaw.
Uskayaw was noncommittal.
You visited 2 branches of the dungeon, and saw 6 of its levels.

You collected 1099 gold pieces.
You spent 56 gold pieces at shops.

Inventory:

Hand Weapons
 t - a +3 vampiric war axe (weapon)
Missiles
 A - 3 poisoned darts (quivered)
Armour
 b - a +0 scale mail (worn)
 v - the +1 buckler of Deurph (worn) {Drain Regen+ Str+5 Dex+3}
   (You acquired it on level 2 of the Dungeon)

   Str:       It affects your strength (+5).
   Dex:       It affects your dexterity (+3).
   Regen:     It increases your rate of health regeneration.
   Drain:     It drains your maximum health when unequipped.
Jewellery
 m - a +6 ring of strength (right hand)
 s - a ring of protection from cold
 u - the ring of Emaobb (left hand) {Will+ rCorr Int+3 Dex+4 SInv}
   (You acquired it on level 2 of the Dungeon)

   [ring of resist corrosion]

   Int:       It affects your intelligence (+3).
   Dex:       It affects your dexterity (+4).
   SInv:      It lets you see invisible.
   rCorr:     It protects you from acid and corrosion.
   Will:      It increases your willpower.
 E - a ring of positive energy
Wands
 a - a wand of mindburst (13)
 C - a wand of roots (5)
Scrolls
 f - 2 scrolls of teleportation {unknown}
 h - 3 scrolls of amnesia
 j - 2 scrolls of noise {unknown}
 k - a scroll of torment {unknown}
 l - 3 scrolls of identify
 n - a scroll of brand weapon {unknown}
 p - 2 scrolls of enchant armour {unknown}
 q - a scroll of fog {unknown}
 r - a scroll of immolation {unknown}
 y - a scroll of silence {unknown}
 z - a scroll of poison {unknown}
 D - a scroll of butterflies {unknown}
 F - a scroll of blinking {unknown}
Potions
 c - a potion of ambrosia {unknown}
 d - a potion of might
 e - a potion of mutation {unknown}
 g - 2 potions of attraction {unknown}
 i - 3 potions of curing
 o - 2 potions of lignification {unknown}
 w - a potion of degeneration {unknown}
 B - 2 potions of berserk rage {unknown}


   Skills:
 + Level 5.5 Fighting
 + Level 7.5 Axes
 + Level 4.7 Armour
 + Level 1.1 Dodging
 + Level 0.1 Stealth
 + Level 4.3 Shields


You had 6 spell levels left.
You didn't know any spells.
Your spell library was empty.

Dungeon Overview and Level Annotations

Branches:
Dungeon (5/15)             Temple (1/1) D:4

Altars:
Cheibriados
Dithmenos
Hepliaklqana
Okawaru
Ru
Uskayaw
Xom
Zin
The Shining One

Shops:
D:2 ?

Annotations:
D:4 1 runed translucent door, AverageBear's ghost, amateur DsFi


Message History

You throw a poisoned dart.
The poisoned dart hits the two-headed ogre.
The hound struggles against the net.
You throw a poisoned dart.
The poisoned dart hits the two-headed ogre.
The two-headed ogre is poisoned.
The hound struggles against the net.
The net rips apart, and the hound comes free!
A scorpion comes into view.
You block the two-headed ogre's attack. x2
You slice the two-headed ogre!!
The two-headed ogre is moderately wounded.
You hit the two-headed ogre.
The two-headed ogre is heavily wounded.
The two-headed ogre hits you with a +0 giant spiked club!
The two-headed ogre barely misses you.
You hit the two-headed ogre.
The two-headed ogre is heavily wounded.
The two-headed ogre hits you with a +0 giant spiked club!!
Ouch! That really hurt!
You block the two-headed ogre's attack.
You can now pass through a line of other dancers.
You slash the two-headed ogre!
You feel better.
The two-headed ogre is severely wounded.
You block the two-headed ogre's attack. The two-headed ogre closely misses you.
You hit the two-headed ogre.
You feel better.
The two-headed ogre is severely wounded.
You hit the two-headed ogre but do no damage.
The two-headed ogre is almost dead.
The two-headed ogre looks more healthy.
You block the two-headed ogre's attack. The two-headed ogre barely misses you.
You hit the two-headed ogre.
You feel better.
The two-headed ogre is almost dead.
The two-headed ogre hits you with a +0 giant spiked club!
The two-headed ogre hits you with a +0 giant club.
* * * LOW HITPOINT WARNING * * *
You slash the two-headed ogre!
The two-headed ogre is almost dead.
An ufetubus comes into view.
The two-headed ogre hits you with a +0 giant spiked club!!
You die...

####
##..##
....#
#...#
#...#
######...#
.......@<#
#######O##
.sh.
###...
#....
......
..#.<..
..#...5.


You could see a two-headed ogre, a scorpion, a hound and an ufetubus
(wandering).

Vanquished Creatures
  Blork the orc (D:4)
  A scorpion (D:4)
  A necrophage (D:2)
  2 orc priests
  An iguana (D:4)
  4 orc wizards
  9 gnolls
  4 adders
  A white imp (D:4)
  3 worms (D:4)
  A dart slug (D:4)
  5 orcs
  3 bats
  8 endoplasms
  3 giant cockroaches
  7 hobgoblins
  7 jackals
  6 kobolds
  5 quokkas
  8 ball pythons
  2 frilled lizards
  4 goblins
  3 rats
89 creatures vanquished.

Notes
Turn   | Place    | Note
-------+----------+-------------------------------------------
     0 | D:1      | hbarley the Hill Orc Fighter began the quest for the Orb.
     0 | D:1      | Reached XP level 1. HP: 19/19 MP: 1/1
    65 | D:1      | Reached XP level 2. HP: 18/27 MP: 2/2
   855 | D:1      | Reached XP level 3. HP: 33/33 MP: 3/3
  1046 | D:2      | Reached skill level 3 in Axes
  1370 | D:2      | Noticed a necrophage
  1373 | D:2      | Killed a necrophage
  1374 | D:2      | Reached skill level 4 in Axes
  1374 | D:2      | Reached XP level 4. HP: 30/40 MP: 4/4
  1514 | D:2      | Reached XP level 5. HP: 41/46 MP: 5/5
  1663 | D:2      | Found Doddoiw's Magic Scroll Shoppe.
  1668 | D:2      | Bought a scroll of identify for 28 gold pieces
  1668 | D:2      | Bought a scroll of identify for 28 gold pieces
  1743 | D:2      | Identified 4 scrolls of acquirement
  1743 | D:2      | Acquired a +3 vampiric war axe
  1746 | D:2      | Acquired the ring of Emaobb {Will+ rCorr Int+3 Dex+4 SInv}
  1749 | D:2      | Acquired the +1 buckler of Deurph {Drain Regen+ Str+5
                  | Dex+3}
  1761 | D:2      | Acquired 935 gold pieces
  1792 | D:3      | Reached skill level 5 in Axes
  1798 | D:3      | Identified the +3 short sword of the Manifold Quests
                  | {flame, rElec Int+5}
  1916 | D:3      | Reached skill level 6 in Axes
  1916 | D:3      | Reached XP level 6. HP: 50/52 MP: 6/6
  1948 | D:3      | Found an iron altar of Okawaru.
  2096 | D:3      | Found a faded altar of an unknown god.
  2281 | D:3      | Identified the +2 robe of Binutifa {rPois Dex+5}
  2571 | D:4      | Reached skill level 1 in Dodging
  2614 | D:4      | Found a runed translucent door.
  2615 | D:4      | Found a staircase to the Ecumenical Temple.
  2625 | Temple   | Entered the Ecumenical Temple
  2657 | Temple   | Became a worshipper of Uskayaw the Reveller
  2706 | D:4      | Noticed AverageBear's ghost (amateur DsFi)
  2737 | D:4      | Reached * piety under Uskayaw
  2774 | D:4      | Reached skill level 7 in Axes
  2774 | D:4      | Reached XP level 7. HP: 60/60 MP: 7/7
  2777 | D:4      | Reached ** piety under Uskayaw
  2841 | D:4      | Noticed Blork the orc
  2848 | D:4      | Killed Blork the orc
  2849 | D:4      | Reached skill level 5 in Fighting
  3239 | D:5      | Entered Level 5 of the Dungeon
  3240 | D:5      | Noticed a two-headed ogre
  3251 | D:5      | Slain by a two-headed ogre

Illustrated notes

Levels and vault maps discovered:
D:1:      dpeg_arrival_boxes_within_box, layout_basic
D:2:      layout_loops_ring, serial_shops, shop, nicolae_kite_square_tiling_tiny
D:3:      layout_rooms, okawaru_metal_pillars_3, ebering_ecumenical_altar_rust
D:4:      layout_basic, minmay_temple_entry_overgrown, ebering_ghost_sewer_d,
          minmay_manual_monstrance, uniq_blork_the_orc
D:5:      layout_basic, uniq_duvessa
Temple:   oiseaux_autumnal_temple

Skill      XL: |  1  2  3  4  5  6  7 |
---------------+----------------------+-----
Axes           | 4 6 7 |  7.5
Armour         | 4 |  4.7
Fighting       | 4 5 |  5.5
Shields        | 4 |  4.3
Dodging        | 1 |  1.1
Stealth        | |  0.1

Action                     |  1- 3 |  4- 6 |  7- 9 || total
---------------------------+-------+-------+-------++-------
  Melee: War axe           |    87 |    95 |    34 ||   216
  Throw: Dart              |       |       |     2 ||     2
         Throwing net      |       |       |     1 ||     1
    Use: Scroll            |       |     6 |       ||     6
 Armour: Scale mail        |    60 |    46 |    11 ||   117
  Dodge: Dodged            |    50 |    56 |     9 ||   115
  Block: Buckler           |    28 |    39 |    12 ||    79

Table legend: (Time is in decaauts)
 A = Elapsed time spent in this place.
 B = Non-inter-level travel time spent in this place.
 C = Inter-level travel time spent in this place.
 D = Time resting spent in this place.
 E = Time spent auto-exploring this place.
 F = Levels seen in this place.
 G = Mean time per level.
                   A        B        C        D        E       F      G
               +--------+--------+--------+--------+--------+-----+--------+
         Total |   3314 |   3051 |    263 |      0 |   2440 |   6 |  552.3 |
       Dungeon |   3251 |   3047 |    204 |      0 |   2440 |   5 |  650.2 |
        Temple |     62 |      3 |     59 |      0 |      0 |   1 |   62.0 |
               +--------+--------+--------+--------+--------+-----+--------+

Top non-repeatable levels by time:
     D:1: 1041 daAuts
     D:4: 858 daAuts
     D:2: 777 daAuts
     D:3: 561 daAuts
  Temple: 62 daAuts
     D:5: 12 daAuts
